 Dungeon Crawl Stone Soup version 0.20.1-1-g8b1a95d (webtiles) character file.

3575 Mesmaeker13 the Arsonist (level 9, -1/45 HPs)
             Began as a Deep Elf Fire Elementalist on Dec 20, 2017.
             Was a Follower of Vehumet.
             Slain by Joseph
             ... wielding a +3 quarterstaff of draining
              (3 damage)
             ... on level 7 of the Dungeon.
             The game lasted 00:21:20 (9874 turns).

Mesmaeker13 the Arsonist (DEFE)                     Turns: 9874, Time: 00:21:21

Health: -1/45      AC: 10    Str: 10    XL:     9   Next: 84%
Magic:  17/20      EV: 15    Int: 22    God:    Vehumet [*.....]
Gold:   342        SH:  4    Dex: 10    Spells: 9/20 levels left

rFire    + . .     SeeInvis .   j - +2 dagger (venom)
rCold    x . .     Gourm    .   d - +0 buckler
rNeg     + . .     Faith    .   a - +0 robe
rPois    .         Spirit   .   s - +0 helmet
rElec    +         Reflect  .   D - +0 cloak
rCorr    .         Harm     .   F - +1 pair of gloves of Jogoukkag {rElec rN+ Str+3 Dex-5}
MR       .....                  (no boots)
Stlth    ++........             (no amulet)
Regen    0.2/turn               r - +4 ring of protection
MPRegen  0.2/turn               J - ring of fire

@: drained
A: no striking features
a: Renounce Religion


You were on level 7 of the Dungeon.
You worshipped Vehumet.
Vehumet was aware of your devotion.
You were not hungry.

You visited 2 branches of the dungeon, and saw 8 of its levels.

You collected 342 gold pieces.

Inventory:

Hand Weapons
 i - a +2 dagger of speed
 j - a +2 dagger of venom (weapon)
Armour
 a - a +0 robe (worn)
 d - a +0 buckler (worn)
 s - a +0 helmet (worn)
 D - a +0 cloak (worn)
 F - the +1 pair of gloves of Jogoukkag (worn) {rElec rN+ Str+3 Dex-5}
   (You found it on level 5 of the Dungeon)

   It affects your strength (+3).
   It affects your dexterity (-5).
   It insulates you from electricity.
   It protects you from negative energy.
Jewellery
 r - a +4 ring of protection (left hand)
 H - an uncursed ring of flight
 J - a ring of fire (right hand)
 M - a +4 ring of strength {unknown}
 O - an uncursed ring of ice
Wands
 f - a wand of lightning (0/15)
 G - a wand of flame (36/48)
Scrolls
 e - 3 scrolls of enchant armour
 l - 2 scrolls of teleportation
 m - 6 scrolls of remove curse
 o - 3 scrolls of amnesia
 x - 2 scrolls of enchant weapon
 y - a scroll of fog {unknown}
 B - a scroll of random uselessness {unknown}
 E - a scroll of immolation {unknown}
Potions
 h - 3 potions of curing
 k - a potion of resistance
 p - a potion of cancellation
 q - a potion of agility
 t - a potion of might {unknown}
 v - a potion of ambrosia
 w - 2 potions of flight {unknown}
 z - a potion of mutation {unknown}
 A - 2 potions of brilliance {unknown}
 C - 2 potions of invisibility {unknown}
 I - a potion of haste {unknown}
 K - 3 potions of magic {unknown}
Books
 b - a book of Flames

   Spells                             Type                      Level
   a - Flame Tongue                   Conjuration/Fire             1
   b - Throw Flame                    Conjuration/Fire             2
   c - Conjure Flame                  Conjuration/Fire             3
   d - Inner Flame                    Hexes/Fire                   3
   e - Sticky Flame                   Conjuration/Fire             4
   f - Fireball                       Conjuration/Fire             5
 L - a book of Callings

   Spells                             Type                      Level
   a - Summon Small Mammal            Summoning                    1
   b - Call Imp                       Summoning                    2
   c - Call Canine Familiar           Summoning                    3
   d - Summon Guardian Golem          Hexes/Summoning              3
   e - Summon Lightning Spire         Summoning/Air                4
   f - Summon Ice Beast               Ice/Summoning                4
Comestibles
 c - 5 bread rations
 g - 4 meat rations
 n - 3 royal jellies
 u - 10 fruits
 N - 6 chunks of flesh


   Skills:
 + Level 7.6(7.3) Dodging
 - Level 2.4(2.1) Stealth
 - Level 4.2(3.8) Shields
 + Level 6.0(5.7) Spellcasting
 + Level 8.4(8.0) Conjurations
 + Level 9.2(8.8) Fire Magic


You had 9 spell levels left.
You knew the following spells:

 Your Spells              Type           Power        Failure   Level  Hunger
a - Flame Tongue          Conj/Fire      #####        1%          1    None
b - Throw Flame           Conj/Fire      ######       1%          2    None
c - Conjure Flame         Conj/Fire      ######..     1%          3    ##.....
d - Fireball              Conj/Fire      ######....   8%          5    #####..


Dungeon Overview and Level Annotations

Branches:
Dungeon (7/15)             Temple (1/1) D:7

Altars:
Ashenzari
Cheibriados
Dithmenos
Elyvilon
Fedhas
Gozag
Kikubaaqudgha
Nemelex Xobeh
Okawaru
Ru
Sif Muna
Trog
Uskayaw
Vehumet
Xom
Yredelemnul
Zin
The Shining One

Shops:
D:4 }*

Annotations:
D:7 Joseph


Message History

Joseph shoots a sling bullet.
The sling bullet hits you but does no damage.
You see here a sling bullet.
Joseph shoots a sling bullet.
The sling bullet hits you!
You see here a sling bullet.
Joseph unwields an uncursed hunting sling.
Joseph wields an uncursed quarterstaff of draining.
You sense an unholy aura.
Joseph hits you but does no damage. You partially resist.
You feel drained.
Casting: Flame Tongue
Confirm with . or Enter, or press ? or * to list all spells.
Aiming: Flame Tongue
Press: ? - help, Shift-Dir - straight line, f - Joseph
Aim: Joseph, wielding a quarterstaff of draining and wearing a ring mail You feel a surge of power!
The flame tongue hits Joseph.
Joseph is lightly wounded.
Joseph hits you with an uncursed quarterstaff of draining!
* * * LOW HITPOINT WARNING * * *
You partially resist.
You feel drained.
You die...

### ..# #
#.# .# #.# .
#.# #.# #@#
#@# #(# #
#(# ....
##.## ....
#.(.# ###.
......#.#.##
.
####..#.##.#
# #. #....#
#. ###..#


You could see Joseph.

Vanquished Creatures
  Pikel (D:6)
  The ghost of letownia2 the Grave Robber, an amateur DDNe (D:4)
  Menkaure (D:7)
  2 slaves (D:6)
  A sky beast (D:5)
  A phantom (D:6)
  2 ogres
  2 centaurs
  A crocodile (D:7)
  8 bullfrogs
  A scorpion (D:5)
  5 killer bees (D:7)
  A crimson imp (D:6)
  A centaur zombie (D:5)
  A bullfrog zombie (D:6)
  2 hounds
  3 jellies (D:6)
  8 orc wizards
  Crazy Yiuf (D:7)
  A bullfrog skeleton (D:6)
  3 orc priests
  2 gnoll shamans (D:3)
  4 iguanas
  7 worker ants
  A hound zombie (D:7)
  A worker ant zombie (D:5)
  28 gnolls (D:3)
  8 adders
  A shadow imp (D:5)
  3 adder skeletons
  An adder zombie (D:6)
  2 worms
  4 dart slugs (D:1)
  3 leopard geckos
  24 orcs
  5 ball pythons
  7 bats
  10 giant cockroaches
  10 goblins
  11 hobgoblins
  32 jackals
  13 kobolds
  2 quokkas
  A frilled lizard (D:2)
  A quokka skeleton (D:6)
  7 rats
235 creatures vanquished.

Vanquished Creatures (others)
  An orc wizard (D:7)
  A leopard gecko (D:7)
  2 orcs (D:7)
4 creatures vanquished.

Grand Total: 239 creatures vanquished

Notes
Turn   | Place    | Note
-------+----------+-------------------------------------------
     0 | D:1      | Mesmaeker13 the Deep Elf Fire Elementalist began the quest for the Orb.
     0 | D:1      | Reached XP level 1. HP: 10/10 MP: 6/6
   141 | D:1      | Reached XP level 2. HP: 10/15 MP: 4/8
   755 | D:1      | Reached XP level 3. HP: 19/19 MP: 7/9
   897 | D:1      | Learned a level 2 spell: Throw Flame
   934 | D:2      | Found a glowing silver altar of Zin.
   953 | D:2      | Reached skill level 4 in Fire Magic
  1423 | D:2      | Reached XP level 4. HP: 24/24 MP: 7/10
  1820 | D:2      | Learned a level 3 spell: Conjure Flame
  1896 | D:3      | Found a faded altar of an unknown god.
  2008 | D:3      | Found an ancient bone altar of Kikubaaqudgha.
  2528 | D:3      | Reached XP level 5. HP: 28/28 MP: 5/11
  3177 | D:3      | Reached skill level 5 in Dodging
  3247 | D:3      | Found a shattered altar of Ashenzari.
  3575 | D:3      | Reached XP level 6. HP: 20/32 MP: 0/12
  3757 | D:3      | Reached skill level 5 in Fire Magic
  4264 | D:3      | Reached skill level 1 in Shields
  4411 | D:3      | Reached XP level 7. HP: 36/36 MP: 10/13
  4841 | D:3      | Reached skill level 6 in Fire Magic
  5012 | D:3      | Learned a level 5 spell: Fireball
  5013 | D:4      | Noticed letownia2's ghost (amateur DDNe)
  5023 | D:4      | Killed letownia2's ghost
  5023 | D:4      | Reached skill level 5 in Conjurations
  5453 | D:4      | Found Yntan's Elemental Accessories.
  5738 | D:4      | Found Huekh's Gadget Shoppe.
  5929 | D:4      | Reached XP level 8. HP: 32/41 MP: 3/14
  6206 | D:5      | Entered Level 5 of the Dungeon
  6216 | D:5      | Reached skill level 7 in Fire Magic
  6825 | D:5      | Got a pair of ichor-stained gloves
  6831 | D:5      | Identified the +1 pair of gloves of Jogoukkag {rElec rN+ Str+3 Dex-5} (You found it on level 5 of the Dungeon)
  8405 | D:6      | Reached skill level 8 in Fire Magic
  8420 | D:6      | Reached XP level 9. HP: 45/45 MP: 11/16
  8612 | D:6      | Found a basalt altar of Yredelemnul.
  8819 | D:7      | Found a staircase to the Ecumenical Temple.
  8843 | Temple   | Entered the Ecumenical Temple
  8875 | Temple   | Became a worshipper of Vehumet
  9001 | D:7      | Noticed Menkaure
  9440 | D:7      | Noticed Pikel
  9443 | D:7      | Reached skill level 5 in Spellcasting
  9584 | D:6      | Killed Pikel
  9584 | D:6      | Reached skill level 9 in Fire Magic
  9683 | D:7      | Found a runed door.
  9687 | D:7      | Noticed Crazy Yiuf
  9691 | D:7      | Killed Crazy Yiuf
  9809 | D:7      | Killed Menkaure
  9809 | D:7      | Reached * piety under Vehumet
  9809 | D:7      | Offered knowledge of Magic Dart by Vehumet.
  9814 | D:7      | Found a radiant altar of Vehumet.
  9866 | D:7      | Noticed Joseph
  9874 | D:7      | HP: 2/45 [Joseph/uncursed quarterstaff of draining (15)]
  9874 | D:7      | Slain by Joseph

Skill      XL: |  1  2  3  4  5  6  7  8  9 |
---------------+----------------------------+-----
Dodging        | 3 4 5 7 |  7.6
Fire Magic     | 4 5 6 8 9 |  9.2
Conjurations   | 2 3 4 5 7 8 |  8.4
Shields        | 1 2 4 |  4.2
Spellcasting   | 6 |  6.0
Stealth        | |  2.4

Action                   |  1- 3 |  4- 6 |  7- 9 || total
-------------------------+-------+-------+-------++-------
Melee: Dagger            |    33 |    50 |    91 ||   174
 Cast: Flame Tongue      |    56 |   117 |   301 ||   474
       Throw Flame       |     1 |    34 |    41 ||    76
       Conjure Flame     |       |     1 |       ||     1
Evoke: Wand              |       |       |     2 ||     2
  Use: Scroll            |     4 |     4 |     3 ||    11
       Potion            |       |       |     3 ||     3
 Stab: Sleeping          |     3 |     1 |       ||     4
  Eat: Chunk             |     2 |    10 |    18 ||    30
Armor: Robe              |     6 |     9 |    63 ||    78
Dodge: Dodged            |    32 |    45 |   163 ||   240
Block: Buckler           |       |       |    46 ||    46
